 Dungeon Crawl Stone Soup version 0.28-a0-1159-g27aa881441 (webtiles) character file.

Game seed: 2645997208949945664

89 spaghetti the Skirmisher (level 4, -2/39 HPs)
             Began as a Djinni Delver on Dec 15, 2021.
             Slain by an ogre (16 damage)
             ... on level 5 of the Dungeon.
             The game lasted 00:05:36 (862 turns).

spaghetti the Skirmisher (Djinni Delver)             Turns: 862, Time: 00:05:36

Health: -2/39      AC:  3    Str: 13    XL:     4   Next: 84%
Gold:   39         EV: 12    Int: 11    God:
                   SH:  0    Dex: 21

rFire   + + +      SeeInvis .     - Unarmed
rCold   x . .      Faith    .   (no shield)
rNeg    . . .      Spirit   .   a - +0 leather armour
rPois   ∞          Reflect  .   (no helmet)
rElec   .          Harm     .   (no cloak)
rCorr   .          Rampage  .   (no gloves)
Will    .....                   (boots unavailable)
Stlth   +++.......              (no amulet)
HPRegen 0.13/turn               d - +6 ring of dexterity
MPRegen 0.00/turn               (no ring)

@: flying
A: sickness immunity, fire resistance 3, cold vulnerability 1, float, innate
caster, hp casting, extra vitality 1
a: no special abilities


You were on level 5 of the Dungeon.
You visited 1 branch of the dungeon, and saw 4 of its levels.

You collected 39 gold pieces.


Innate Abilities, Weirdness & Mutations

You are immune to sickness and miasma.
You are immune to poison.
Your flesh is almost immune to the effects of heat. (rF+++)
You are vulnerable to cold. (rC-)
You float through the air rather than walking.
You learn spells naturally, not from books.
Your magical power is your life essence.
You have superior vitality. (+4 HP)


   Skills:
 + Level 5.2 Fighting
 - Level 2.1 Dodging
 - Level 4.1 Stealth
 + Level 2.0 Unarmed Combat


You had 2 spell levels left.
You knew the following spells:

 Your Spells              Type           Power      Damage    Failure   Level
a - Beastly Appendage     Tmut           0%         N/A       41%         1
Your spell library was empty.

Inventory:

Hand Weapons
 g - a +0 rapier {short}
   (You found it on level 5 of the Dungeon)
 i - a +2 whip of freezing {mace}
   (You took it off an orc on level 5 of the Dungeon)
Missiles
 j - 24 stones (quivered) {throwing}
 l - 16 bolts
Armour
 a - a +0 leather armour (worn)
Magical Staves
 k - a staff of earth {!astaff}
   (You found it on level 5 of the Dungeon)
Jewellery
 d - a +6 ring of dexterity (left hand)
   (You found it on level 3 of the Dungeon)
Wands
 f - a wand of digging (1)
Scrolls
 b - a scroll of fog
 c - a scroll of magic mapping {!r}

Dungeon Overview and Level Annotations

Branches:
Dungeon (6/15)
 Temple: D:4-7

Altars:

Annotations:
D:4 Blork the orc

### ##h##
##.#O##
##O###@#
##h## ##.#
##.## #.#
##.## #.#
######.###
##
##........#
#.........#
###.......##
.##........#


You could see an ogre and a jackal.


Message History

😮 HP[-14]
You take 14 damage, and now have 25/39 hp.
MASSIVE DAMAGE!! (PAUSE) Unknown command.
The jackal barely misses you.
The jackal bites you but does no damage.
The jackal barely misses you.
The jackal bites you but does no damage.
There is a stone staircase leading up here.
The jackal bites you but does no damage.
The jackal barely misses you.
You fly upwards.
Level annotation: Blork the orc
There is a stone staircase leading down here. 😮 HP[+1] Unknown command.
Unknown command.
Okay, then.
The jackal bites you. The jackal completely misses you.
The jackal barely misses you.
You fly downwards.
The ogre barely misses you.
There is a stone staircase leading up here. 😮 HP[-2]
You take 2 damage, and now have 24/39 hp.
Unknown command.
Unknown command.
Unknown command.
You hit the jackal. The jackal bites you. The ogre barely misses you.
The jackal bites you but does no damage.
The jackal closely misses you. 😮 HP[-3]
You take 3 damage, and now have 21/39 hp.
The jackal barely misses you. The jackal bites you.
* * * LOW HITPOINT WARNING * * *
😨 HP[-3]
You take 3 damage, and now have 18/39 hp.
The jackal bites you.
* * * LOW HITPOINT WARNING * * *
The jackal bites you.
* * * LOW HITPOINT WARNING * * *
The jackal closely misses you. 😨 HP[-4]
You take 4 damage, and now have 14/39 hp.
The jackal bites you.
* * * LOW HITPOINT WARNING * * *
Okay, then.
You aren't carrying any potions.
Okay, then.
The jackal barely misses you.
The jackal bites you but does no damage.
The jackal barely misses you. The jackal bites you.
* * * LOW HITPOINT WARNING * * *
😨 HP[-1]
You take 1 damage, and now have 13/39 hp.
The jackal bites you but does no damage.
Okay, then.
Aiming: Dig
Press: ? - help, Shift-Dir - straight line A rock wall.
The rock shatters into small pieces.
The jackal closely misses you. The jackal misses you.
The jackal bites you but does no damage. 😨 HP[+1]
The jackal closely misses you.
Okay, then.
You aren't carrying any potions.
Okay, then.
The jackal bites you.
* * * LOW HITPOINT WARNING * * *
😨 HP[-1]
You take 1 damage, and now have 13/39 hp.
The jackal bites you but does no damage.
Okay, then.
You aren't carrying any potions.
Okay, then.
Aiming: Dig
Press: ? - help, Shift-Dir - straight line A rock wall.
The rock shatters into small pieces.
The jackal bites you but does no damage. 😨 HP[+1]
The jackal bites you.
* * * LOW HITPOINT WARNING * * *
😨 HP[-1]
You take 1 damage, and now have 13/39 hp.
Okay, then.
You are too injured to fight recklessly!
You barely miss the jackal.
The jackal bites you but does no damage.
The jackal closely misses you.
You hit the jackal. The jackal barely misses you.
You hit the jackal.
You kill the jackal!
You closely miss the ogre. The ogre closely misses you.
You hit the ogre. You hit the ogre but do no damage.
The ogre completely misses you. 😨 HP[+1]
You hit the ogre but do no damage. The ogre hits you with a +0 giant club!
You die...

Skill      XL: |  1  2  3  4 |
---------------+-------------+-----
Fighting       | 4 5 |  5.2
Dodging        | |  2.1
Stealth        | |  4.1
Unarmed Combat | |  2.0

Action                   |  1- 3 |  4- 6 || total
-------------------------+-------+-------++-------
Melee: Unarmed           |     3 |    75 ||    78
Evoke: Wand              |       |     2 ||     2
  Use: Potion            |     1 |     2 ||     3
       Scroll            |       |     3 ||     3
Armor: Skin              |     4 |       ||     4
       Leather armour    |       |    32 ||    32
Dodge: Dodged            |     2 |    79 ||    81

Levels and vault maps discovered:
D:3:      layout_basic, uniq_robin
D:4:      layout_basic, nicolae_tso_besieged_by_evil,
          minmay_temple_entry_enclosed_plants, uniq_blork_the_orc,
          uniq_eustachio
D:5:      layout_gridville, uniq_crazy_yiuf_cottage
D:6:      layout_rooms, lemuel_coloured_pillars_altar, uniq_sigmund, uniq_edmund

Notes
Turn   | Place    | Note
-------+----------+-------------------------------------------
     0 | D:5      | spaghetti the Djinni Delver began the quest for the Orb.
     0 | D:5      | Reached XP level 1. HP: 20/20 MP: 0/0
     0 | D:5      | magus.rc [v1.9.6]
    26 | D:5      | Noticed an orc wizard
    36 | D:6      | Noticed a scorpion
    36 | D:6      | Noticed an orc wizard
    48 | D:5      | Killed a scorpion
    49 | D:5      | Reached skill level 4 in Fighting
    49 | D:5      | Reached XP level 2. HP: 27/27 MP: 0/0
    49 | D:5      | Reached XP level 3. HP: 32/32 MP: 0/0
    49 | D:5      | Learned a level 1 spell: Beastly Appendage
    49 | D:5      | Reached XP level 4. HP: 38/38 MP: 0/0
   339 | D:5      | Reached skill level 5 in Fighting
   393 | D:4      | Noticed Blork the orc
   446 | D:4      | Gained mutation: Your flesh is almost immune to the effects
                  | of heat. (rF+++) [potion of mutation]
   564 | D:3      | HP: 8/39 [adder (4)]
   819 | D:4      | Noticed an ogre
   862 | D:5      | Slain by an ogre

Vanquished Creatures
  A scorpion (D:5)
  A hound skeleton (D:5)
  An adder (D:4)
  An orc (D:5)
  A goblin (D:4)
  A jackal (D:5)
6 creatures vanquished.

Table legend:
 A = Non-vault XP
 B = Vault XP
 C = Vault XP percentage of total XP
 D = Non-vault monster count
 E = Vault monster count
 F = Vault count percentage of total count
                 A         B        C        D         E       F
            +---------+---------+-------+---------+---------+-------
      Total |     128 |       0 |   0.0 |       6 |       0 |   0.0
            +---------+---------+-------+---------+---------+-------
        D:4 |      15 |       0 |   0.0 |       2 |       0 |   0.0
        D:5 |     113 |       0 |   0.0 |       4 |       0 |   0.0
            +---------+---------+-------+---------+---------+-------

Illustrated notes

Table legend:
 A = Kills in this place as a percentage of kills in entire the game.
 B = Kills by you in this place as a percentage of kills by you in the entire game.
 C = Kills by friends in this place as a percentage of kills by friends in the entire game.
 D = Other kills in this place as a percentage of other kills in the entire game.
 E = Experience gained in this place as a percentage of experience gained in the entire game.
 F = Experience gained in this place divided by the number of levels of this place that you have seen.
                   A       B       C       D       E      F
               +-------+-------+-------+-------+-------+----------------------
         Total | 100.0 | 100.0 |   N/A |   N/A | 100.0 |  32.0
       Dungeon | 100.0 | 100.0 |   N/A |   N/A | 100.0 |  32.0
               +-------+-------+-------+-------+-------+----------------------

Table legend: (Time is in decaauts)
 A = Elapsed time spent in this place.
 B = Non-inter-level travel time spent in this place.
 C = Inter-level travel time spent in this place.
 D = Time resting spent in this place.
 E = Time spent auto-exploring this place.
 F = Levels seen in this place.
 G = Mean time per level.
                   A        B        C        D        E       F      G
               +--------+--------+--------+--------+--------+-----+--------+
         Total |    844 |    839 |      5 |    369 |    135 |   4 |  211.0 |
       Dungeon |    844 |    839 |      5 |    369 |    135 |   4 |  211.0 |
               +--------+--------+--------+--------+--------+-----+--------+

Top non-repeatable levels by time:
     D:5: 615 daAuts
     D:4: 142 daAuts
     D:3: 79 daAuts
     D:6: 7 daAuts
